| TOP OF THE 1ST |
|
Chicago Cubs batting - Pitching for Atlanta Braves : RHP Pimbly Nimblebottom
|
|
Pitching: RHP Pimbly Nimblebottom
|
|
|
Batting: RHB Yasuhide Kasahara
|
0-0: Ball 1-0: Called Strike 1-1: Fly out, F9 (Flyball, 9, EV 84.4 MPH)
|
|
Batting: RHB Elijah Campbell
|
0-0: Ball 1-0: Foul Ball, location: 2F 1-1: Ball 2-1: Swinging Strike 2-2: Ball 3-2: Base on Balls
|
|
Batting: RHB Efrain Vargas
|
0-0: Ball 1-0: Called Strike 1-1: Foul Ball, location: 2F 1-2: Strikes out looking
|
|
Batting: SHB Terry Tuckfard
|
0-0: Ball 1-0: Swinging Strike 1-1: Called Strike 1-2: Strikes out looking
|
| Top of the 1st over - 0 runs, 0 hits, 0 errors, 1 left on base; Chicago 0 - Atlanta 0 |
| BOTTOM OF THE 1ST |
|
Atlanta Braves batting - Pitching for Chicago Cubs : RHP Randy Budgell
|
|
Pitching: RHP Randy Budgell
|
|
|
Batting: RHB Liangde Li
|
0-0: Ball 1-0: Foul Ball, location: 2F 1-1: Ball 2-1: Foul Ball, location: 2F 2-2: Foul Ball, location: 2F 2-2: Ball 3-2: Ground out U3 (Groundball, 3S, EV 65.0 MPH)
|
|
Batting: RHB Jeckel Hester
|
0-0: Ball 1-0: Called Strike 1-1: Swinging Strike 1-2: Ball 2-2: Ball 3-2: Fly out, F8 (Flyball, 8RS, EV 82.5 MPH)
|
|
Batting: RHB Butch Kaiser
|
0-0: Swinging Strike 0-1: Ball 1-1: Ball 2-1: Ball 3-1: Ground out U3 (Groundball, 34, EV 85.6 MPH)
|
| Bottom of the 1st over - 0 runs, 0 hits, 0 errors, 0 left on base; Chicago 0 - Atlanta 0 |
| TOP OF THE 2ND |
|
Chicago Cubs batting - Pitching for Atlanta Braves : RHP Pimbly Nimblebottom
|
|
Batting: RHB Josh Kalman
|
0-0: Foul Ball, location: 2F 0-1: Fly out, F7 (Flyball, 7S, EV 80.6 MPH)
|
|
Batting: RHB Kaeo Zirpoli
|
0-0: Ball 1-0: Ground out 4-3 (Groundball, 4, EV 91.9 MPH)
|
|
Batting: RHB Will Leslie
|
0-0: SINGLE (Groundball, 5, EV 104.4 MPH)
|
|
Batting: SHB Art Kent
|
0-0: Ball Will Leslie is caught stealing 2nd base 2-6
|
| Top of the 2nd over - 0 runs, 1 hit, 0 errors, 0 left on base; Chicago 0 - Atlanta 0 |
| BOTTOM OF THE 2ND |
|
Atlanta Braves batting - Pitching for Chicago Cubs : RHP Randy Budgell
|
|
Batting: RHB Jake Lang
|
0-0: Ball 1-0: Ground out 1-3 (Groundball, 13, EV 66.9 MPH)
|
|
Batting: LHB Tom Best
|
0-0: Foul Ball, location: 2F 0-1: Swinging Strike 0-2: Ball 1-2: Foul Ball, location: 2F 1-2: Fly out, F5 (Popup, 5SF, EV 72.5 MPH)
|
|
Batting: RHB Itsuo Egami
|
0-0: Foul Ball, location: 2F 0-1: Foul Ball, location: 2F 0-2: Strikes out swinging
|
| Bottom of the 2nd over - 0 runs, 0 hits, 0 errors, 0 left on base; Chicago 0 - Atlanta 0 |
| TOP OF THE 3RD |
|
Chicago Cubs batting - Pitching for Atlanta Braves : RHP Pimbly Nimblebottom
|
|
Batting: SHB Art Kent
|
0-0: Called Strike 0-1: Foul Ball, location: 2F 0-2: Foul Ball, location: 2F 0-2: Strikes out looking
|
|
Batting: RHB Andy Wasierski
|
0-0: Ball 1-0: Called Strike 1-1: Swinging Strike 1-2: Foul Ball, location: 2F 1-2: Foul Ball, location: 2F 1-2: Strikes out swinging
|
|
Batting: RHB Yasuhide Kasahara
|
0-0: Foul Ball, location: 2F 0-1: Ball 1-1: SINGLE (Groundball, 6D, EV 103.8 MPH)
|
|
Batting: RHB Elijah Campbell
|
0-0: Called Strike Yasuhide Kasahara steals 2nd base 0-1: Ground out 1-3 (Groundball, 15, EV 72.5 MPH)
|
| Top of the 3rd over - 0 runs, 1 hit, 0 errors, 1 left on base; Chicago 0 - Atlanta 0 |
| BOTTOM OF THE 3RD |
|
Atlanta Braves batting - Pitching for Chicago Cubs : RHP Randy Budgell
|
|
Batting: LHB Otte Klijnsma
|
0-0: Foul Ball, location: 2F 0-1: Foul Ball, location: 2F 0-2: Ball 1-2: Foul Ball, location: 2F 1-2: Strikes out swinging
|
|
Batting: RHB John Creel
|
0-0: Called Strike 0-1: SINGLE (Groundball, 34D, EV 99.4 MPH)
|
|
Batting: RHB Zach Thomason
|
0-0: Ball 1-0: Called Strike 1-1: Ball 2-1: Fly out, F7 (Flyball, 78M, EV 96.3 MPH)
|
|
Batting: RHB Liangde Li
|
0-0: Swinging Strike 0-1: Ball 1-1: Ball 2-1: Foul Ball, location: 2F 2-2: Ground out 4-3 (Groundball, 4, EV 88.8 MPH)
|
| Bottom of the 3rd over - 0 runs, 1 hit, 0 errors, 1 left on base; Chicago 0 - Atlanta 0 |
| TOP OF THE 4TH |
|
Chicago Cubs batting - Pitching for Atlanta Braves : RHP Pimbly Nimblebottom
|
|
Batting: RHB Efrain Vargas
|
0-0: Ball 1-0: Ball 2-0: Ball 3-0: Base on Balls
|
|
Batting: SHB Terry Tuckfard
|
0-0: Ball 1-0: Foul Ball, location: 2F 1-1: Foul Ball, location: 2F 1-2: SINGLE (Groundball, P, EV 80.0 MPH) (infield hit) Efrain Vargas to second
|
|
Batting: RHB Josh Kalman
|
0-0: Ball 1-0: Swinging Strike 1-1: SINGLE (Groundball, 56D, EV 102.5 MPH) Efrain Vargas to third Terry Tuckfard to second Runner from 3rd tries for Home, throw by LF and OUT! 7-2
|
|
Batting: RHB Kaeo Zirpoli
|
0-0: Ball 1-0: Fielders Choice at 2nd, 4-6 (Groundball, 4, EV 81.3 MPH) Terry Tuckfard to third
|
|
Batting: RHB Will Leslie
|
0-0: DOUBLE (Flyball, 8RXD, EV 103.8 MPH) Terry Tuckfard scores Kaeo Zirpoli to third
|
|
Batting: SHB Art Kent
|
0-0: Foul Ball, location: 2F 0-1: Ball 1-1: Fly out, F3 (Line Drive, 3, EV 61.9 MPH)
|
| Top of the 4th over - 1 run, 3 hits, 0 errors, 2 left on base; Chicago 1 - Atlanta 0 |
| BOTTOM OF THE 4TH |
|
Atlanta Braves batting - Pitching for Chicago Cubs : RHP Randy Budgell
|
|
Batting: RHB Jeckel Hester
|
0-0: Called Strike 0-1: Ball 1-1: Ball 2-1: Ball 3-1: Base on Balls
|
|
Batting: RHB Butch Kaiser
|
0-0: Ball 1-0: SINGLE (Groundball, 56S, EV 70.6 MPH) (infield hit) Jeckel Hester to second
|
|
Batting: RHB Jake Lang
|
0-0: Called Strike 0-1: Ball 1-1: Ball 2-1: Called Strike 2-2: Ground out 5-3 (Groundball, 56S, EV 63.1 MPH) Jeckel Hester to third Butch Kaiser to second
|
|
Batting: LHB Tom Best
|
0-0: Ball 1-0: Called Strike 1-1: Swinging Strike 1-2: Strikes out swinging
|
|
Batting: RHB Itsuo Egami
|
0-0: Ball 1-0: Ball 2-0: SINGLE (Line Drive, 89M, EV 103.8 MPH) Jeckel Hester scores Butch Kaiser to third Runner from 3rd tries for Home, SAFE, throw by CF to home
|
|
Batting: LHB Otte Klijnsma
|
0-0: Ball 1-0: Swinging Strike 1-1: Ball 2-1: Foul Ball, location: 2F 2-2: Ball Wild Pitch! Itsuo Egami to second 3-2: Ground out 6-3 (Groundball, 6M, EV 89.4 MPH)
|
| Bottom of the 4th over - 2 runs, 2 hits, 0 errors, 1 left on base; Chicago 1 - Atlanta 2 |
| TOP OF THE 5TH |
|
Chicago Cubs batting - Pitching for Atlanta Braves : RHP Pimbly Nimblebottom
|
|
Pitching: RHP Adam Bonawitz
|
|
|
Pinch Hitting: SHB Gerardo Flores
|
0-0: Called Strike 0-1: Ball 1-1: SINGLE (Line Drive, 8LS, EV 110.6 MPH)
|
|
Batting: RHB Yasuhide Kasahara
|
0-0: Foul Ball, location: 2F 0-1: Ball 1-1: Grounds into double play, 6-4-3 (Groundball, 6, EV 102.5 MPH)
|
|
Batting: RHB Elijah Campbell
|
0-0: Called Strike 0-1: Fly out, F8 (Flyball, 8LD, EV 84.4 MPH)
|
| Top of the 5th over - 0 runs, 1 hit, 0 errors, 0 left on base; Chicago 1 - Atlanta 2 |
| BOTTOM OF THE 5TH |
|
Atlanta Braves batting - Pitching for Chicago Cubs : RHP Randy Budgell
|
|
Pitching: LHP Bill Cooksey
|
|
|
Now at 2B: Jamie Ogilvie
|
|
|
Batting: RHB John Creel
|
0-0: Foul Ball, location: 2F 0-1: Swinging Strike 0-2: Ground out 2-3 (Groundball, 2L, EV 70.6 MPH)
|
|
Batting: RHB Zach Thomason
|
0-0: Foul Ball, location: 2F 0-1: Ground out 6-3 (Groundball, 6M, EV 110.0 MPH)
|
|
Batting: RHB Liangde Li
|
0-0: Ball 1-0: Foul Ball, location: 2F 1-1: Ball 2-1: Ball 3-1: Base on Balls
|
|
Batting: RHB Jeckel Hester
|
0-0: Called Strike 0-1: Ball 1-1: Ball 2-1: Called Strike 2-2: Fly out, F4 (Line Drive, 4, EV 65.0 MPH)
|
| Bottom of the 5th over - 0 runs, 0 hits, 0 errors, 1 left on base; Chicago 1 - Atlanta 2 |
| TOP OF THE 6TH |
|
Chicago Cubs batting - Pitching for Atlanta Braves : RHP Adam Bonawitz
|
|
Batting: RHB Efrain Vargas
|
0-0: Foul Ball, location: 2F 0-1: Ball 1-1: Ball 2-1: Ball 3-1: Base on Balls
|
|
Batting: SHB Terry Tuckfard
|
0-0: Called Strike 0-1: Ball 1-1: Ball 2-1: Called Strike 2-2: Strikes out swinging
|
|
Batting: RHB Josh Kalman
|
0-0: Swinging Strike 0-1: Swinging Strike 0-2: Ball Efrain Vargas steals 2nd base 1-2: Foul Ball, location: 2F 1-2: Ball 2-2: Ball 3-2: Ground out U3 (Groundball, 3S, EV 85.6 MPH) Efrain Vargas to third
|
|
Batting: RHB Kaeo Zirpoli
|
0-0: Ball 1-0: Ball 2-0: Ball 3-0: Called Strike 3-1: Swinging Strike 3-2: Foul Ball, location: 2F 3-2: Foul Ball, location: 2F 3-2: SINGLE (Line Drive, 89M, EV 88.1 MPH) Efrain Vargas scores
|
|
Batting: RHB Will Leslie
|
0-0: Ground out U3 (Groundball, 34S, EV 89.4 MPH)
|
| Top of the 6th over - 1 run, 1 hit, 0 errors, 1 left on base; Chicago 2 - Atlanta 2 |
| BOTTOM OF THE 6TH |
|
Atlanta Braves batting - Pitching for Chicago Cubs : LHP Bill Cooksey
|
|
Batting: RHB Butch Kaiser
|
0-0: Ball 1-0: Ground out 6-3 (Groundball, 6M, EV 103.1 MPH)
|
|
Batting: RHB Jake Lang
|
0-0: Ball 1-0: Called Strike 1-1: Foul Ball, location: 2F 1-2: Ball 2-2: Fly out, F7 (Flyball, 7LS, EV 86.3 MPH)
|
|
Batting: LHB Tom Best
|
0-0: Ball 1-0: Ball 2-0: Called Strike 2-1: Foul Ball, location: 2F 2-2: Strikes out swinging
|
| Bottom of the 6th over - 0 runs, 0 hits, 0 errors, 0 left on base; Chicago 2 - Atlanta 2 |
| TOP OF THE 7TH |
|
Chicago Cubs batting - Pitching for Atlanta Braves : RHP Adam Bonawitz
|
|
Pitching: RHP Marcos Tejeda
|
|
|
Batting: SHB Art Kent
|
0-0: Called Strike 0-1: Ball 1-1: Ball 2-1: Foul Ball, location: 2F 2-2: Strikes out swinging
|
|
Pinch Hitting: LHB Barend van der Kamp
|
0-0: Ball 1-0: Foul Ball, location: 2F 1-1: Swinging Strike 1-2: Ground out 6-3 (Groundball, 6S, EV 88.8 MPH)
|
|
Pinch Hitting: RHB Shintaro Katsumata
|
0-0: Called Strike 0-1: Swinging Strike 0-2: Ball 1-2: Ball 2-2: Ball 3-2: Strikes out looking
|
| Top of the 7th over - 0 runs, 0 hits, 0 errors, 0 left on base; Chicago 2 - Atlanta 2 |
| BOTTOM OF THE 7TH |
|
Atlanta Braves batting - Pitching for Chicago Cubs : LHP Bill Cooksey
|
|
Pitching: LHP Jay Turpin
|
|
|
Now at 2B: Nick Chandler
|
|
|
Now at SS: Shintaro Katsumata
|
|
|
Batting: RHB Itsuo Egami
|
0-0: Ball 1-0: Ball 2-0: Ball 3-0: Base on Balls
|
|
Batting: LHB Otte Klijnsma
|
0-0: Called Strike 0-1: Swinging Strike 0-2: Ball 1-2: Foul Ball, location: 2F 1-2: Strikes out swinging
|
|
Batting: RHB John Creel
|
0-0: Ball 1-0: Ball 2-0: Called Strike 2-1: DOUBLE (Line Drive, 9LM, EV 110.6 MPH) Itsuo Egami to third
|
|
Batting: RHB Zach Thomason
|
0-0: Ball 1-0: DOUBLE (Line Drive, 5D, EV 99.4 MPH) Itsuo Egami scores John Creel scores
|
|
Pinch Hitting: LHB Davey Schonewille
|
0-0: Ball 1-0: Foul Ball, location: 2F 1-1: Ball 2-1: Ball 3-1: Base on Balls
|
|
Batting: RHB Jeckel Hester
|
0-0: Called Strike 0-1: Ball 1-1: Swinging Strike 1-2: Foul Ball, location: 2F 1-2: Foul Ball, location: 2F 1-2: Ball 2-2: Strikes out swinging
|
|
Pinch Hitting: RHB Kanehisa Kubo
|
0-0: Called Strike 0-1: Ball 1-1: Ball 2-1: Called Strike 2-2: SINGLE (Groundball, 6MD, EV 98.8 MPH) Zach Thomason to third Davey Schonewille to second Runner from 3rd tries for Home, SAFE, throw by CF to home
|
|
Pitching: RHP Nate Jackson
|
|
|
Batting: RHB Jake Lang
|
0-0: Ball 1-0: Called Strike 1-1: Foul Ball, location: 2F 1-2: Foul Ball, location: 2F 1-2: Strikes out swinging
|
| Bottom of the 7th over - 3 runs, 3 hits, 0 errors, 2 left on base; Chicago 2 - Atlanta 5 |
| TOP OF THE 8TH |
|
Chicago Cubs batting - Pitching for Atlanta Braves : RHP Marcos Tejeda
|
|
Now at 1B: Kanehisa Kubo
|
|
|
Now at 3B: Jeckel Hester
|
|
|
Now at SS: Itsuo Egami
|
|
|
Now in CF: Davey Schonewille
|
|
|
Batting: RHB Steve Bui
|
0-0: Called Strike 0-1: SOLO HOME RUN (Flyball, 7LD, EV 91.9 MPH), Distance : 361 ft
|
|
Pinch Hitting: RHB Adam O'Hare
|
0-0: Ball 1-0: Ball 2-0: Ball 3-0: Called Strike 3-1: Base on Balls
|
|
Batting: SHB Terry Tuckfard
|
0-0: Ball 1-0: Foul Ball, location: 2F 1-1: Swinging Strike 1-2: Ball 2-2: Foul Ball, location: 2F 2-2: Strikes out swinging
|
|
Pinch Hitting: SHB Tim Hone
|
0-0: Ball 1-0: Called Strike 1-1: Called Strike 1-2: Foul Ball, location: 2F 1-2: Strikes out swinging
|
|
Pinch Hitting: SHB Seung-ho Zhang
|
0-0: Ball 1-0: Called Strike 1-1: Ball 2-1: Ball 3-1: Ground out U3 (Groundball, 3, EV 101.9 MPH)
|
| Top of the 8th over - 1 run, 1 hit, 0 errors, 1 left on base; Chicago 3 - Atlanta 5 |
| BOTTOM OF THE 8TH |
|
Atlanta Braves batting - Pitching for Chicago Cubs : RHP Nate Jackson
|
|
Now at 1B: Adam O'Hare
|
|
|
Now in LF: Tim Hone
|
|
|
Now in CF: Seung-ho Zhang
|
|
|
Pinch Hitting: LHB Colin Worthington
|
0-0: Ball 1-0: Foul Ball, location: 2F 1-1: Called Strike 1-2: Fly out, F9 (Line Drive, 9, EV 90.6 MPH)
|
|
Pinch Hitting: RHB Jesse Lester
|
0-0: Ball 1-0: Called Strike 1-1: Swinging Strike 1-2: Foul Ball, location: 2F 1-2: Foul Ball, location: 2F 1-2: Foul Ball, location: 2F 1-2: Ball 2-2: Ball 3-2: Strikes out swinging
|
|
Batting: LHB Seth Cook
|
0-0: SINGLE (Groundball, 4M, EV 102.5 MPH) (infield hit)
|
|
Batting: RHB John Creel
|
0-0: Called Strike 0-1: Ball 1-1: Foul Ball, location: 2F 1-2: Foul Ball, location: 2F 1-2: Foul Ball, location: 2F 1-2: Ball 2-2: Fly out, F8 (Line Drive, 8LM, EV 90.0 MPH)
|
| Bottom of the 8th over - 0 runs, 1 hit, 0 errors, 1 left on base; Chicago 3 - Atlanta 5 |
| TOP OF THE 9TH |
|
Chicago Cubs batting - Pitching for Atlanta Braves : RHP Marcos Tejeda
|
|
Pitching: RHP Kwang-sik Kim
|
|
|
Now at 2B: Jeckel Hester
|
|
|
Now at 3B: Jesse Lester
|
|
|
Now at SS: Zach Thomason
|
|
|
Now in LF: Colin Worthington
|
|
|
Now in RF: Jake Lang
|
|
|
Batting: RHB Will Leslie
|
0-0: Foul Ball, location: 2F 0-1: Ball 1-1: Swinging Strike 1-2: Strikes out swinging
|
|
Pinch Hitting: LHB Kevin Norton
|
0-0: Ball 1-0: Called Strike 1-1: Ground out 6-3 (Groundball, 6D, EV 99.4 MPH)
|
|
Batting: SHB Nick Chandler
|
0-0: Ball 1-0: Called Strike 1-1: Ball 2-1: Foul Ball, location: 2F 2-2: Strikes out looking
|
| Top of the 9th over - 0 runs, 0 hits, 0 errors, 0 left on base; Chicago 3 - Atlanta 5 |
|